 Dungeon Crawl Stone Soup version 0.24.0-13-gcf9b319 (webtiles) character file.

Game seed: 14568617037653339645, levelgen mode: deterministic

917 Afromullet the Grasshopper (level 8, -6/63 HPs)
             Began as a Gnoll Warper on Feb 5, 2020.
             Mangled by an orc warrior
             ... wielding a +0 war axe
              (20 damage)
             ... on level 5 of the Dungeon.
             The game lasted 00:20:06 (6782 turns).

Afromullet the Grasshopper (Gnoll Warper)           Turns: 6782, Time: 00:20:07

Health: -6/63      AC:  3    Str: 14    XL:     8   Next: 9%
Magic:  16/16      EV: 15    Int: 17    God:
Gold:   214        SH:  0    Dex: 17    Spells: 10/18 levels left

rFire    . . .     SeeInvis .   a - +1 mace
rCold    . . .     Gourm    +   (no shield)
rNeg     + . .     Faith    .   b - +0 leather armour
rPois    .         Spirit   .   (no helmet)
rElec    .         Reflect  .   (no cloak)
rCorr    .         Harm     .   (no gloves)
MR       .....                  (no boots)
Stlth    ++........             B - amulet of the gourmand
HPRegen  0.20/turn              r - ring of positive energy
MPRegen  0.15/turn              (no ring)

@: no status effects
A: distributed training, fangs 1, agile 1, mutation resistance 1, strong nose
a: no special abilities


You were on level 5 of the Dungeon.
You were not hungry.

You visited 1 branch of the dungeon, and saw 6 of its levels.

You collected 214 gold pieces.

Inventory:

Hand Weapons
 a - a +1 mace (weapon)
 y - a +4 halberd
Missiles
 e - 4 boomerangs of dispersal (quivered)
 l - 8 boomerangs
Armour
 b - a +0 leather armour (worn)
 k - a +0 shield
 s - a +0 buckler
 u - a +0 ring mail
Magical Staves
 w - an uncursed staff of earth
Jewellery
 r - a ring of positive energy (left hand)
 B - an amulet of the gourmand (around neck)
Wands
 p - a wand of flame (22)
 t - a wand of polymorph (6)
 A - a wand of paralysis (12)
Scrolls
 d - a scroll of blinking
 o - a scroll of remove curse
 v - a scroll of random uselessness
Potions
 c - a potion of heal wounds
 i - 2 potions of degeneration
 j - 2 potions of lignification
 n - 2 potions of brilliance
Comestibles
 f - 2 rations


   Skills:
 + Level 5.4 Fighting
 + Level 2.9 Short Blades
 + Level 2.9 Long Blades
 + Level 2.9 Axes
 + Level 5.4 Maces & Flails
 + Level 2.9 Polearms
 + Level 2.9 Staves
 + Level 2.9 Slings
 + Level 2.9 Bows
 + Level 2.9 Crossbows
 + Level 3.9 Throwing
 + Level 3.9 Armour
 + Level 5.4 Dodging
 + Level 2.9 Stealth
 + Level 2.9 Shields
 + Level 2.9 Unarmed Combat
 + Level 5.8 Spellcasting
 + Level 2.3 Conjurations
 + Level 2.3 Hexes
 + Level 2.3 Charms
 + Level 2.3 Summonings
 + Level 2.3 Necromancy
 + Level 6.0 Translocations
 + Level 2.3 Transmutations
 + Level 2.3 Fire Magic
 + Level 2.3 Ice Magic
 + Level 2.3 Air Magic
 + Level 2.3 Earth Magic
 + Level 2.3 Poison Magic
 + Level 3.2 Invocations
 + Level 2.9 Evocations


You had 10 spell levels left.
You knew the following spells:

 Your Spells              Type           Power        Failure   Level  Hunger
a - Shroud of Golubria    Chrm/Tloc      ###...       4%          2    #......
b - Gell's Gravitas       Tloc           ####......   4%          3    ##.....
c - Teleport Other        Tloc           ####....     4%          3    ##.....

Your spell library contained the following spells:

 Spells                   Type           Power        Failure   Level  Hunger
 Apportation              Tloc           ####..       1%          1    None
 Blink                    Tloc           N/A          1%          2    #......
 Lesser Beckoning         Tloc           ####......   4%          3    ##.....
 Passage of Golubria      Tloc           N/A          14%         4    ####...


Dungeon Overview and Level Annotations

Branches:
Dungeon (6/15)
 Temple: D:4-7

Altars:
Kikubaaqudgha
Makhleb
Uskayaw

Shops:
D:4 %


Innate Abilities, Weirdness & Mutations

Your experience applies equally to all skills.
You have very sharp teeth.
Your uncanny sense of smell can sniff out nearby items.
You are agile. (Dex +2)
You are somewhat resistant to further mutation.


Message History

The orc warrior is heavily wounded.
The jackal bites you.
The orc warrior hits you with a +0 war axe!
* * * LOW HITPOINT WARNING * * *
The jackal bites you.
* * * LOW HITPOINT WARNING * * *
You feel much better. The jackal misses you.
The orc warrior hits you with a +0 war axe.
You barely miss the orc warrior.
The orc warrior is heavily wounded.
The jackal misses you.
The orc warrior hits you with a +0 war axe!
* * * LOW HITPOINT WARNING * * *
The jackal completely misses you.
You hit the orc warrior but do no damage.
The orc warrior is heavily wounded.
The jackal closely misses you. The orc warrior barely misses you.
The jackal barely misses you.
The orc warrior hits you with a +0 war axe!!
You die...

#....### #.##...####
#..#......#
###############
##.#....#.#
#...).........#
#.#....#.#
#.###########.#
#.....<#.# ##.##### #.#
########.#
...#...#######†#####
#.......#
..............)h@..#
#.#######
.......#####.#†o##.# #.#
#..#.#..####.#...#.# #.#
#..#.#.......#<..#.# #.#
#........#.......#.###.#
##.#.....#.#.....#.....#
...###.#.#^#.#...#######
####.........#.....#
#.###.###.#...#.#


You could see an orc warrior and a jackal.

Vanquished Creatures
  Duvessa (D:3)
  2 sky beasts
  An ogre (D:4)
  Dowan (D:4)
  A scorpion (D:3)
  An orc priest (D:4)
  3 hounds
  3 orc wizards
  A bullfrog skeleton (D:4)
  Jessica (D:2)
  Robin (D:4)
  5 adders
  3 gnolls (D:5)
  2 dart slugs
  3 leopard geckos
  10 orcs
  A ball python (D:3)
  3 bats
  3 giant cockroaches
  16 goblins
  15 hobgoblins
  5 jackals
  6 kobolds
  4 quokkas
  7 frilled lizards
  A leopard gecko skeleton (D:4)
  5 rats
105 creatures vanquished.

Notes
Turn   | Place    | Note
-------+----------+-------------------------------------------
     0 | D:1      | Afromullet the Gnoll Warper began the quest for the Orb.
     0 | D:1      | Reached XP level 1. HP: 20/20 MP: 6/6
   238 | D:1      | Reached XP level 2. HP: 25/26 MP: 7/7
   747 | D:2      | Reached XP level 3. HP: 15/31 MP: 9/9
  1023 | D:2      | Learned a level 2 spell: Shroud of Golubria
  1027 | D:2      | Learned a level 3 spell: Gell's Gravitas
  1033 | D:2      | Learned a level 3 spell: Teleport Other
  1060 | D:2      | Reached skill level 5 in Spellcasting
  1329 | D:2      | Reached skill level 1 in Invocations
  1691 | D:2      | Noticed Jessica
  1700 | D:2      | Killed Jessica
  1700 | D:2      | Reached skill level 1 in Short Blades
  1700 | D:2      | Reached skill level 1 in Long Blades
  1700 | D:2      | Reached skill level 1 in Axes
  1700 | D:2      | Reached skill level 1 in Polearms
  1700 | D:2      | Reached skill level 1 in Staves
  1700 | D:2      | Reached skill level 1 in Slings
  1700 | D:2      | Reached skill level 1 in Bows
  1700 | D:2      | Reached skill level 1 in Crossbows
  1700 | D:2      | Reached skill level 1 in Stealth
  1700 | D:2      | Reached skill level 1 in Shields
  1700 | D:2      | Reached skill level 1 in Unarmed Combat
  1700 | D:2      | Reached skill level 1 in Evocations
  1700 | D:2      | Reached XP level 4. HP: 38/38 MP: 8/11
  1704 | D:2      | Identified Jessica's Catalogue of the Compass
  1974 | D:2      | Reached skill level 1 in Conjurations
  1974 | D:2      | Reached skill level 1 in Hexes
  1974 | D:2      | Reached skill level 1 in Charms
  1974 | D:2      | Reached skill level 1 in Summonings
  1974 | D:2      | Reached skill level 1 in Necromancy
  1974 | D:2      | Reached skill level 1 in Transmutations
  1974 | D:2      | Reached skill level 1 in Fire Magic
  1974 | D:2      | Reached skill level 1 in Ice Magic
  1974 | D:2      | Reached skill level 1 in Air Magic
  1974 | D:2      | Reached skill level 1 in Earth Magic
  1974 | D:2      | Reached skill level 1 in Poison Magic
  2568 | D:3      | Reached XP level 5. HP: 20/43 MP: 9/12
  2810 | D:3      | Noticed a sky beast
  2826 | D:3      | Killed a sky beast
  2826 | D:3      | Reached XP level 6. HP: 9/50 MP: 13/13
  3894 | D:4      | Reached skill level 5 in Fighting
  3894 | D:4      | Reached skill level 5 in Maces & Flails
  3894 | D:4      | Reached skill level 5 in Dodging
  3923 | D:4      | Found Fyphasm's Food Emporium.
  4021 | D:4      | Reached XP level 7. HP: 23/56 MP: 15/15
  4356 | D:4      | Noticed Dowan
  4373 | D:4      | Noticed Duvessa
  4406 | D:4      | Killed Dowan
  4511 | D:4      | Noticed Robin
  4778 | D:3      | Killed Duvessa
  5111 | D:4      | Killed Robin
  5178 | D:4      | Found a hide-covered altar of Uskayaw.
  5384 | D:4      | Found a burning altar of Makhleb.
  5518 | D:5      | Entered Level 5 of the Dungeon
  6143 | D:5      | Found an ancient bone altar of Kikubaaqudgha.
  6616 | D:5      | Gained mutation: You are agile. (Dex +2) [potion of
                  | mutation]
  6616 | D:5      | Gained mutation: You are somewhat resistant to further
                  | mutation. [potion of mutation]
  6625 | D:5      | Reached XP level 8. HP: 41/63 MP: 16/16
  6626 | D:5      | Reached skill level 6 in Translocations
  6782 | D:5      | Mangled by an orc warrior

Levels and vault maps discovered:
D:1:      dpeg_arrival_rhombus, layout_basic, minmay_misc_feat_more_columns
D:2:      layout_basic, first_ration, kennysheep_jessica_study
D:3:      layout_rooms, minivault_11
D:4:      layout_rooms, lemuel_doored_altar, kennysheep_mini_moat, serial_shops,
          shop, uniq_robin, uniq_duvessa
D:5:      layout_basic, overflow_temple_1_default, item_on_display_a
D:6:      layout_rooms, minmay_temple_entry_mini_moons, lightli_orcish_oven

Skill      XL: |  1  2  3  4  5  6  7  8 |
---------------+-------------------------+-----
Spellcasting   | 5 |  5.8
Invocations    | 1 2 3 |  3.2
Short Blades   | 1 2 |  2.9
Long Blades    | 1 2 |  2.9
Axes           | 1 2 |  2.9
Polearms       | 1 2 |  2.9
Staves         | 1 2 |  2.9
Slings         | 1 2 |  2.9
Bows           | 1 2 |  2.9
Crossbows      | 1 2 |  2.9
Stealth        | 1 2 |  2.9
Shields        | 1 2 |  2.9
Unarmed Combat | 1 2 |  2.9
Evocations     | 1 2 |  2.9
Conjurations   | 1 2 |  2.3
Hexes          | 1 2 |  2.3
Charms         | 1 2 |  2.3
Summonings     | 1 2 |  2.3
Necromancy     | 1 2 |  2.3
Transmutations | 1 2 |  2.3
Fire Magic     | 1 2 |  2.3
Ice Magic      | 1 2 |  2.3
Air Magic      | 1 2 |  2.3
Earth Magic    | 1 2 |  2.3
Poison Magic   | 1 2 |  2.3
Throwing       | 3 |  3.9
Armour         | 3 |  3.9
Fighting       | 5 |  5.4
Maces & Flails | 5 |  5.4
Dodging        | 5 |  5.4
Translocations | 6 |  6.0

Action                   |  1- 3 |  4- 6 |  7- 9 || total
-------------------------+-------+-------+-------++-------
Melee: Mace              |   107 |   142 |   203 ||   452
       Bite              |     6 |    10 |    25 ||    41
       Punch             |       |       |     3 ||     3
Throw: Boomerang         |       |     3 |     2 ||     5
 Cast: Shroud of Golubri |     2 |     9 |    13 ||    24
       Gell's Gravitas   |       |     1 |     2 ||     3
  Use: Scroll            |     2 |     5 |     6 ||    13
       Potion            |       |     1 |     9 ||    10
 Stab: Sleeping          |       |     1 |       ||     1
  Eat: Ration            |     1 |     2 |     2 ||     5
       Chunk             |       |     2 |     3 ||     5
Armor: Leather armour    |    19 |    25 |    53 ||    97
Dodge: Dodged            |    95 |   116 |   229 ||   440
